 Dungeon Crawl Stone Soup version 0.23-a0-767-gdc19b93 (webtiles) character file.

662 Ghella the Covered (level 7, 0/44 HPs)
             Began as a Gargoyle Fighter on Jan 19, 2019.
             Was an Initiate of Gozag.
             Slain by an orc
             ... wielding a +0 short sword
              (1 damage)
             ... on level 5 of the Dungeon.
             The game lasted 00:13:45 (6516 turns).

Ghella the Covered (Gargoyle Fighter)               Turns: 6516, Time: 00:13:46

Health: 0/44       AC: 13    Str: 22    XL:     7   Next: 56%
Magic:  7/7        EV:  8    Int:  8    God:    Gozag
Gold:   47         SH:  9    Dex:  9    Spells: 6/6 levels left

rFire    + + .     SeeInvis .   a - +0 flail
rCold    + . .     Gourm    .   c - +0 shield
rNeg     + . .     Faith    .   g - +1 ring mail {rF+}
rPois    ∞         Spirit   .   (no helmet)
rElec    +         Reflect  .   (no cloak)
rCorr    +         Harm     .   (no gloves)
MR       .....                  h - +0 pair of boots
Stlth    ..........             (no amulet)
HPRegen  0.14/turn              (no ring)
MPRegen  0.10/turn              (no ring)

@: resistant, hasted, very quick
A: negative energy resistance 1, electricity resistance, unbreathing,
petrification resistance, rot immunity, AC +4
a: Potion Petition, Call Merchant, Bribe Branch, Renounce Religion


You were on level 5 of the Dungeon.
You worshipped Gozag.
Gozag was noncommittal.
You were not hungry.

You visited 2 branches of the dungeon, and saw 6 of its levels.

You collected 486 gold pieces.
You paid 439 gold pieces to Gozag.

Inventory:

Hand Weapons
 a - a +0 flail (weapon)
Armour
 c - a +0 shield (worn)
 g - a +1 ring mail of fire resistance (worn)
 h - a +0 pair of boots (worn)
Wands
 d - a wand of polymorph (5)
Scrolls
 b - 4 scrolls of remove curse {unknown}
 e - 6 scrolls of identify {unknown}
 i - 2 scrolls of fear {unknown}
 j - a scroll of fog {unknown}
 k - 2 scrolls of amnesia {unknown}
 l - a scroll of teleportation {unknown}
 n - 2 scrolls of noise {unknown}
 p - a scroll of immolation {unknown}
 s - 4 scrolls of blinking {unknown}
Potions
 m - a potion of curing
 o - 2 potions of heal wounds {unknown}
 q - 2 potions of haste {unknown}
 r - a potion of agility {unknown}
Comestibles
 f - 5 rations


   Skills:
 + Level 4.7 Fighting
 + Level 5.7 Maces & Flails
 * Level 6.1 Armour
 - Level 0.2 Dodging
 - Level 3.5 Shields


You had 6 spell levels left.
You didn't know any spells.
Your spell library was empty.

Dungeon Overview and Level Annotations

Branches:
Dungeon (5/15)             Temple (1/1) D:4

Altars:
Ashenzari
Cheibriados
Dithmenos
Elyvilon
Fedhas
Gozag
Hepliaklqana
Kikubaaqudgha
Makhleb
Nemelex Xobeh
Okawaru
Ru
Sif Muna
Trog
Vehumet
Wu Jian
Xom
Yredelemnul
Zin
The Shining One


Innate Abilities, Weirdness & Mutations

You are resistant to torment.
Your stone body is resilient. (AC +4)
You are immune to poison.
You resist negative energy. (rN+)
You are resistant to electric shocks. (rElec)
You can survive without breathing.
You are immune to petrification.
You are immune to rotting.


Message History

[c] - 660 gold - resistance, invisibility, agility, might and brilliance Purchase which effect? [a] - 638 gold - resistance, invisibility and agility [b] - 400 gold - haste and resistance [c] - 660 gold - resistance, invisibility, agility, might and brilliance Purchase which effect? [a] - 638 gold - resistance, invisibility and agility [b] - 400 gold - haste and resistance [c] - 660 gold - resistance, invisibility, agility, might and brilliance Purchase which effect? [a] - 638 gold - resistance, invisibility and agility [b] - 400 gold - haste and resistance [c] - 660 gold - resistance, invisibility, agility, might and brilliance Purchase which effect?
You no longer have enough gold to petition Gozag for potion effects.
You feel yourself speed up.
You feel protected. The orc hits you with a +0 short sword.
You die...
Your body crumbles into a pile of gold.

$ $ $ # # .#
##. .# ....
#.###.#
.....###O......
......o@..###.#
......$o......#
.....####.#####
#..# .# ## . .#
#


You could see an ogre and 2 orcs.

Vanquished Creatures
  A centaur (D:4)
  A scorpion (D:4)
  A hound (D:5)
  2 orc priests
  A centaur skeleton (D:4)
  An iguana (D:4)
  Jessica (D:2)
  A bullfrog skeleton (D:4)
  3 orc wizards
  A worker ant (D:3)
  8 gnolls
  4 adders
  An ooze (D:4)
  An adder skeleton (D:3)
  5 dart slugs
  5 leopard geckos
  9 orcs
  4 giant cockroaches
  9 hobgoblins
  11 jackals (D:1)
  A quokka (D:3)
  3 bats
  5 frilled lizards
  11 goblins
  7 kobolds
  3 rats
100 creatures vanquished.

Notes
Turn   | Place    | Note
-------+----------+-------------------------------------------
     0 | D:1      | Ghella the Gargoyle Fighter began the quest for the Orb.
     0 | D:1      | Reached XP level 1. HP: 14/14 MP: 1/1
   230 | D:1      | Reached XP level 2. HP: 9/19 MP: 2/2
   833 | D:1      | Reached XP level 3. HP: 16/23 MP: 3/3
  1046 | D:2      | Noticed Jessica
  1060 | D:2      | Killed Jessica
  1060 | D:2      | Reached skill level 4 in Armour
  1060 | D:2      | Reached XP level 4. HP: 29/29 MP: 4/4
  1074 | D:2      | Found a burning altar of Makhleb.
  1077 | D:2      | You fall through a shaft for 2 floors!
  1100 | D:4      | HP: 1/29 [orc/cursed -1 club (2)]
  1512 | D:4      | Reached XP level 5. HP: 33/33 MP: 5/5
  1981 | D:4      | Found a staircase to the Ecumenical Temple.
  2059 | D:4      | Reached skill level 5 in Armour
  2228 | Temple   | Entered the Ecumenical Temple
  2291 | Temple   | Became a worshipper of Gozag Ym Sagoz the Greedy
  2347 | D:4      | Reached XP level 6. HP: 38/38 MP: 6/6
  2382 | D:4      | Found a sparkling altar of Nemelex Xobeh.
  2508 | D:3      | Found a faded altar of an unknown god.
  3437 | D:2      | Found an iron altar of Okawaru.
  4323 | D:2      | Found a basalt altar of Yredelemnul.
  5220 | D:3      | Reached XP level 7. HP: 41/44 MP: 7/7
  5372 | D:4      | Reached skill level 5 in Maces & Flails
  5755 | D:4      | Found a blossoming altar of Fedhas.
  5803 | D:4      | Found a shattered altar of Ashenzari.
  6143 | D:5      | Entered Level 5 of the Dungeon
  6165 | D:5      | Reached skill level 6 in Armour
  6515 | D:5      | HP: 1/44 [ogre/+0 giant club (22)]
  6516 | D:5      | Slain by an orc

Vault maps used:
D:1:      matt_arrival_spirals
D:2:      lemuel_doored_altar, old_standard_altar, okawaru_ov_weapons_minmay,
          minivault_11, uniq_jessica
D:3:      chequers_ecumenical_altar_simple
D:4:      nemelex_xobeh_ov_fountains_minmay, fedhas_ov_isle_minmay,
          ashenzari_altar_1, lemuel_temple_firewalk_a, first_ration
D:5:      kennysheep_six_static_rooms, nicolae_ossuary_entry_plus,
          amethyst_killhole, minmay_hedge_maze, chequers_serial_rivers_small_b,
          lemuel_flame_loot_1
Temple:   zaba_magenta_temple

Skill      XL: |  1  2  3  4  5  6  7 |
---------------+----------------------+-----
Maces & Flails | 3 4 5 |  5.7
Armour         | 4 5 6 |  6.1
Fighting       | 4 |  4.7
Dodging        | |  0.2
Shields        | |  3.5

Action                   |  1- 3 |  4- 6 |  7- 9 || total
-------------------------+-------+-------+-------++-------
Melee: Flail             |   114 |   232 |    92 ||   438
Invok: Potion Petition   |       |     1 |     1 ||     2
  Use: Potion            |       |     4 |     2 ||     6
  Eat: Ration            |       |     4 |     2 ||     6
Armor: Scale mail        |   104 |    80 |       ||   184
       Ring mail         |       |    62 |    73 ||   135
Dodge: Dodged            |    56 |    96 |    50 ||   202
Block: Shield            |    83 |   125 |    57 ||   265

Table legend:
 A = Non-vault XP
 B = Vault XP
 C = Vault XP percentage of total XP
 D = Non-vault monster count
 E = Vault monster count
 F = Vault count percentage of total count
                 A         B        C        D         E       F
            +---------+---------+-------+---------+---------+-------
      Total |     909 |      37 |   3.9 |      99 |       1 |   1.0
            +---------+---------+-------+---------+---------+-------
        D:1 |      55 |       0 |   0.0 |      31 |       0 |   0.0
        D:2 |      73 |      37 |  33.6 |      13 |       1 |   7.1
        D:3 |     202 |       0 |   0.0 |      30 |       0 |   0.0
        D:4 |     483 |       0 |   0.0 |      22 |       0 |   0.0
        D:5 |      96 |       0 |   0.0 |       3 |       0 |   0.0
            +---------+---------+-------+---------+---------+-------
